 Dungeon Crawl Stone Soup version 0.28.0-43-g3370ac3207 (webtiles) character file.

Game seed: 3178314130342112863

314 issech the Cudgeller (level 6, -1/54 (61) HPs)
             Began as a Troll Monk on Mar 30, 2022.
             Slain by Pikel
             ... wielding a +2 whip of freezing
              (7 damage)
             ... on level 7 of the Dungeon.
             The game lasted 00:09:52 (3001 turns).

issech the Cudgeller (Troll Monk)                   Turns: 3001, Time: 00:09:53

HP:   -1/54 (61)    AC:  4    Str: 20    XL:     6   Next: 19%
MP:   5/5           EV:  9    Int:  6    God:
Gold: 197           SH:  7    Dex: 14    Spells: 5/5 levels left

rFire   + . .      SeeInvis .   d - +0 flail
rCold   x . .      Faith    .   l - +0 kite shield
rNeg    . . .      Spirit   .   b - +0 robe
rPois   .          Reflect  .   (helmet restricted)
rElec   .          Harm     .   (no cloak)
rCorr   .          Rampage  .   (gloves unavailable)
Will    .....                   (boots unavailable)
Stlth   ++........              (no amulet)
HPRegen 0.98/turn               m - ring of fire
MPRegen 0.09/turn               (no ring)

@: heavily drained
A: large, unfitting armour, claws 3, regeneration 1, shaggy fur 1, tough skin 1
a: no special abilities


You were on level 7 of the Dungeon.
You visited 2 branches of the dungeon, and saw 7 of its levels.

You collected 197 gold pieces.

Inventory:

Hand Weapons
 a - a +0 mace
 d - a +0 flail (weapon)
 o - a +2 short sword of speed
Missiles
 c - 133 stones
 e - 19 sling bullets
 j - 10 boomerangs (quivered)
 k - 23 bolts
 n - 27 arrows
Armour
 b - a +0 robe (worn)
 l - a +0 kite shield (worn)
Magical Staves
 q - a staff of earth
Jewellery
 m - a ring of fire (left claw)
Scrolls
 f - a scroll of immolation {unknown}
 h - a scroll of identify {unknown}
 i - a scroll of magic mapping {unknown}
Potions
 g - a potion of haste {unknown}
 p - 2 potions of heal wounds {unknown}


   Skills:
 + Level 3.3 Fighting
 + Level 4.5 Maces & Flails
 + Level 0.4 Throwing
 + Level 3.3 Dodging
 + Level 1.4 Stealth
 + Level 1.2 Shields


You had 5 spell levels left.
You didn't know any spells.
Your spell library contained the following spells:

 Spells                   Type           Power      Damage    Failure   Level
 Ensorcelled Hibernation  Hex/Ice        0%         N/A       88%         2
 Passwall                 Tmut/Erth      0%         N/A       88%         2
 Swiftness                Air            0%         N/A       98%         3


Dungeon Overview and Level Annotations

Branches:
Dungeon (7/15)             Temple (1/1) D:6

Altars:
Ashenzari
Cheibriados
Dithmenos
Elyvilon
Fedhas
Gozag
Kikubaaqudgha
Makhleb
Okawaru
Ru
Sif Muna
Trog
Uskayaw
Vehumet
Xom
Zin
The Shining One

Shops:
D:4 [

Annotations:
D:7 Pikel


Innate Abilities, Weirdness & Mutations

You are too large for most types of armour.
You have claws for hands.
Your natural rate of healing is unusually fast.
You are covered in fur. (AC +1)
You have tough skin. (AC +1)


Message History

Found a blossoming altar of Fedhas.
Done exploring.
There is a staircase back to the Dungeon here.
You climb upwards.
Welcome back to the Dungeon!
There is a staircase to the Ecumenical Temple here.
There is a stone staircase leading down here.
You climb downwards.
Level annotation: Pikel The lemure completely misses you.
The centaur unwields a +0 shortbow.
The centaur barely misses you.
The centaur kicks you but does no damage.
You block Pikel's attack. The wight hits you with a +0 scimitar!
You feel drained. The lemure hits you.
There is a stone staircase leading up, spattered with blood here.
The centaur hits you. You block the centaur's attack.
Pikel hits you with a +2 whip of freezing!
Pikel freezes you. The wight barely misses you. You block the centaur's attack.
The centaur kicks you but does no damage.
The lemure hits you.
You climb upwards.
There is a stone staircase leading down here.
The centaur hits you. You block the centaur's attack. Pikel misses you.
The wight hits you with a +0 scimitar. The lemure hits you.
You climb downwards.
The lemure hits you.
* * * LOW HITPOINT WARNING * * *
The lemure barely misses you. The lemure hits you but does no damage.
There is a stone staircase leading up, spattered with blood here.
Pikel says, "You'll make a fine lemure."
You block the centaur's attack. The centaur kicks you.
* * * LOW HITPOINT WARNING * * *
The lemure barely misses you. The lemure hits you.
* * * LOW HITPOINT WARNING * * *
The centaur hits you.
* * * LOW HITPOINT WARNING * * *
The centaur kicks you but does no damage.
The centaur wields a +0 shortbow.
The centaur shoots an arrow.
The arrow closely misses you.
Pikel hits you with a +2 whip of freezing!
You die...

##.............+
.....
#..............#
.....
#..............#
....
#........##........
....
#........##........
#......55##$........
#.....cz.##.....##.#
#.....55K##.....# .#
##......@.........
#..............##
#...............
#...............
#...............
#...............
#...............
...............


You could see Pikel, 4 lemures, a centaur and a wight.

Vanquished Creatures
  A black bear (D:4)
  A wight (Temple)
  A hound (D:4)
  A gnoll (D:1)
  5 adders
  3 worms (D:2)
  5 dart slugs
  2 orcs (D:3)
  9 ball pythons
  10 bats
  8 endoplasms
  5 giant cockroaches
  5 goblins
  6 hobgoblins
  A quokka (D:2)
  A frilled lizard (D:1)
  A jackal skeleton (D:4)
  10 kobolds
  5 rats
80 creatures vanquished.

Vanquished Creatures (others)
  2 fungi (D:2)
  4 plants (D:2)
6 creatures vanquished.

Grand Total: 86 creatures vanquished

Notes
Turn   | Place    | Note
-------+----------+-------------------------------------------
     0 | D:1      | issech the Troll Monk began the quest for the Orb.
     0 | D:1      | Reached XP level 1. HP: 22/22 MP: 0/0
   147 | D:1      | Reached XP level 2. HP: 29/29 MP: 1/1
   272 | D:1      | Reached skill level 3 in Maces & Flails
   460 | D:1      | Reached XP level 3. HP: 18/36 MP: 2/2
  1167 | D:2      | Reached XP level 4. HP: 45/45 MP: 3/3
  1536 | D:2      | Found a faded altar of an unknown god.
  1962 | D:3      | Reached skill level 4 in Maces & Flails
  2270 | D:3      | Reached XP level 5. HP: 53/53 MP: 4/4
  2455 | D:4      | Found Wodos's Antique Armour Shoppe.
  2652 | D:4      | Noticed a black bear
  2670 | D:4      | Killed a black bear
  2671 | D:4      | Reached skill level 1 in Shields
  2744 | D:4      | Reached XP level 6. HP: 60/61 MP: 5/5
  2753 | D:4      | You fall into a shaft and drop 2 floors!
  2753 | D:6      | Found a radiant altar of Vehumet.
  2775 | D:7      | Noticed Pikel
  2782 | D:7      | HP: 1/55 [wight/+0 dagger (8)]
  2788 | D:6      | Found a staircase to the Ecumenical Temple.
  2794 | Temple   | Entered the Ecumenical Temple
  3001 | D:7      | Slain by Pikel

Illustrated notes

Levels and vault maps discovered:
D:1:      shiori_arrival_maze, layout_basic
D:2:      layout_basic, shapermc_ecumenical_altar_acropolis
D:3:      layout_loops_ring, minmay_fractal_squares_5
D:4:      layout_basic, serial_shops, shop, uniq_grinder
D:6:      layout_basic, vehumet_altar_wand_db, minmay_temple_entry_from_below_a
D:7:      layout_basic, mainiacjoe_overflow_alcove_4,
          chequers_serial_rivers_large_b, uniq_pikel
Temple:   eino_temple_scatter_basement

Skill      XL: |  1  2  3  4  5 |
---------------+----------------+-----
Maces & Flails | 3 4 |  4.5
Fighting       | 3 |  3.3
Dodging        | 3 |  3.3
Shields        | 1 |  1.2
Throwing       | |  0.4
Stealth        | |  1.4

Action                   |  1- 3 |  4- 6 || total
-------------------------+-------+-------++-------
Melee: Mace              |    57 |       ||    57
       Flail             |    53 |   120 ||   173
Throw: Boomerang         |       |    12 ||    12
 Stab: Sleeping          |     1 |     3 ||     4
Armor: Robe              |    62 |    62 ||   124
Dodge: Dodged            |    75 |    82 ||   157
Block: Kite shield       |       |    64 ||    64
